cohdb
Replays
Latest Replays
All Replays
Popular Replays
Top Player Replays
Match Explorer
How It Works
Community
CoH3 Stats
Reddit
Sign in to upload your games and track your stats! →
Sign in with Steam
Match 42802300
Unlisted
Match 42802300
Overview
Messages
Build Orders
End
Selects Panzerjäger Kommand Battlegroup
Selects Mine Fields
250 Light Carrier
Panzergrenadier Squad
Construct Light Support Kompanie
Combat Half-tracks
Panzergrenadier Squad
2.5-tonne Medical Truck
Panzerjäger Mechanized Group
Panzergrenadier Squad
Fire Support Elements
Selects Tank Busters
Veteran Squad Leaders
le.IG 18 Mechanized Group
Construct Panzerarmee Kommand
Selects Defensive Positions
Selects Butterfly Bomb Drop
Panzer III L Medium Tank
Pak 38 Mechanized Group
Gbr95
Juve226
82eAeroporte
mirkless
shor
ThatGuyDaryl
Master Blaster
gUi
0
0
Comments
sign in to comment!
No comments posted yet!